 Dungeon Crawl Stone Soup version 0.28-a0-828-g0121872642 (webtiles) character file.

Game seed: 8916645088292612150

60 ytrimaz the Chopper (level 3, -7/28 HPs)
             Began as a Demonspawn Gladiator on Nov 10, 2021.
             Killed by an exploding ball python (35 damage)
             ... ignited by their inner flame
             ... on level 2 of the Dungeon.
             The game lasted 00:01:10 (1390 turns).

ytrimaz the Chopper (Demonspawn Gladiator)          Turns: 1390, Time: 00:01:11

Health: -7/28      AC:  4    Str: 15    XL:     3   Next: 82%
Magic:  3/3        EV: 16    Int:  9    God:
Gold:   87         SH:  0    Dex: 14    Spells: 2/2 levels left

rFire   . . .      SeeInvis .   a - +0 war axe
rCold   . . .      Faith    .   (no shield)
rNeg    . . .      Spirit   .   b - +0 leather armour
rPois   .          Reflect  .   c - +0 helmet
rElec   .          Harm     .   (no cloak)
rCorr   .          Rampage  .   (no gloves)
Will    .....                   (no boots)
Stlth   +.........              (no amulet)
HPRegen 0.09/turn               f - +4 ring of evasion
MPRegen 0.08/turn               (no ring)

@: no status effects
A: hooves 1
a: no special abilities


You were on level 2 of the Dungeon.
You visited 1 branch of the dungeon, and saw 2 of its levels.

You collected 87 gold pieces.

Inventory:

Hand Weapons
 a - a +0 war axe (weapon)
Missiles
 d - 3 throwing nets (quivered)
Armour
 b - a +0 leather armour (worn)
 c - a +0 helmet (worn)
Jewellery
 f - a +4 ring of evasion (left hand)
 h - a ring of ice
Scrolls
 g - a scroll of teleportation
Potions
 e - a potion of might {unknown}
 i - a potion of attraction {unknown}
 j - 3 potions of invisibility {unknown}
 k - 2 potions of mutation {unknown}
 l - a potion of magic {unknown}


   Skills:
 * Level 2.6 Fighting
 + Level 3.4 Axes
 - Level 1.7 Throwing
 * Level 1.1 Armour
 + Level 3.1 Dodging


You had 2 spell levels left.
You didn't know any spells.
Your spell library contained the following spells:

 Spells                   Type           Power      Damage    Failure   Level
 Tukima's Dance           Hex            0%         N/A       83%         3
 Passage of Golubria      Tloc           0%         N/A       99%         4
 Yara's Violent Unravell  Hex/Tmut       0%         3d3       100%        5


Dungeon Overview and Level Annotations

Branches:
Dungeon (2/15)

Altars:
Dithmenos


Innate Abilities, Weirdness & Mutations

You have large cloven feet.


Message History

The frilled lizard misses you.
You barely miss the frilled lizard. Your kick misses the frilled lizard.
The frilled lizard bites you but does no damage.
The frilled lizard closely misses you.
Found 14 gold pieces.
The frilled lizard completely misses you.
You hit the frilled lizard.
You kill the frilled lizard!
You see here a frilled lizard corpse.
No target in view!
d - 3 throwing nets (gained 1)
Found 18 stones.
You now have 87 gold pieces (gained 14).
You pick up Great Wizards, Vol.
VII and begin reading...
You add the spells Tukima's Dance, Passage of Golubria and Yara's Violent Unravelling to your library.
j - 3 lumpy black potions (gained 2)
A ball python comes into view.
Found a hand axe.
A ball python is nearby!
As you read the scroll labelled UMAPEY IZIEG, it crumbles to dust.
The creatures around you are filled with an inner flame!
It was a scroll of immolation.
Unknown command.
A ball python is nearby!
A ball python is nearby!
The ball python misses you. The ball python closely misses you.
You see here 8 gold pieces.
The ball python bites you but does no damage.
The ball python closely misses you.
You barely miss the ball python. Your kick misses the ball python.
The ball python misses you. x2
Unknown command.
You closely miss the ball python.
Flame seeps out of the ball python.
You kick the ball python.
The ball python is severely wounded.
The ball python is engulfed in blazing flames.
The ball python explodes!
The fiery explosion engulfs you!!
Ouch! That really hurt!
You die...

################
....#<........)...##
.....#############.##
)...# ..#.##
...####+#### #.#.##
.......<..# #.#.##
#.###.....###.#.##
####§#.......+.#.#...
###...@○§......#.#.####
#.....§§§......'.......
#.#.#....#.....########
# #.####.....†...# ...
+.........+ #.#.
#.........# #.#.
#.........# # #.
#.........# #.........#


There were no monsters in sight!

Vanquished Creatures
  3 adders (D:2)
  4 ball pythons
  2 endoplasms (D:1)
  3 goblins
  4 hobgoblins (D:1)
  6 jackals (D:1)
  A quokka (D:2)
  5 bats (D:1)
  A frilled lizard (D:2)
  2 kobolds (D:2)
  2 rats
33 creatures vanquished.

Notes
Turn   | Place    | Note
-------+----------+-------------------------------------------
     0 | D:1      | ytrimaz the Demonspawn Gladiator began the quest for the
                  | Orb.
     0 | D:1      | Reached XP level 1. HP: 16/16 MP: 1/1
    12 | D:1      | Found a faded altar of an unknown god.
   187 | D:1      | Gained mutation: You have large cloven feet. [demonic
                  | ancestry]
   187 | D:1      | Reached XP level 2. HP: 22/22 MP: 2/2
   626 | D:1      | Reached XP level 3. HP: 28/28 MP: 3/3
   849 | D:2      | Found a shadowy altar of Dithmenos.
  1148 | D:2      | Reached skill level 1 in Armour
  1390 | D:2      | Killed by an exploding ball python... ignited by their
                  | inner flame

Illustrated notes

Levels and vault maps discovered:
D:1:      scummos_arrival_hexagon, layout_basic, ebering_ecumenical_altar_ruins,
          minmay_tiny_reverse_x
D:2:      minmay_inner_zag, layout_basic, basic_altar,
          minmay_goblin_kobold_house

Skill      XL: |  1  2  3 |
---------------+----------+-----
Axes           | 3 |  3.4
Dodging        | 3 |  3.1
Armour         | 1 |  1.1
Fighting       | |  2.6
Throwing       | |  1.7

Action                   || total
-------------------------++-------
Melee: War axe           ||    82
       Kick              ||    12
Throw: Throwing net      ||     1
  Use: Scroll            ||     4
 Stab: Sleeping          ||     1
Armor: Leather armour    ||    35
Dodge: Dodged            ||   112

Table legend: (Time is in decaauts)
 A = Elapsed time spent in this place.
 B = Non-inter-level travel time spent in this place.
 C = Inter-level travel time spent in this place.
 D = Time resting spent in this place.
 E = Time spent auto-exploring this place.
 F = Levels seen in this place.
 G = Mean time per level.
                   A        B        C        D        E       F      G
               +--------+--------+--------+--------+--------+-----+--------+
         Total |   1417 |   1400 |     17 |      0 |   1150 |   2 |  708.5 |
       Dungeon |   1417 |   1400 |     17 |      0 |   1150 |   2 |  708.5 |
               +--------+--------+--------+--------+--------+-----+--------+

Top non-repeatable levels by time:
     D:1: 769 daAuts
     D:2: 648 daAuts
